 Dungeon Sprint DCSS version 0.20.1-1-g8b1a95d (webtiles) character file.

114 potatolord6000 the Skirmisher (level 4, -1/32 HPs)
             Began as a Gargoyle Fighter on Aug 28, 2017.
             Slain by a deep elf mage
             ... wielding a +2 long sword of holy wrath
              (5 damage)
             ... in the Dungeon (Sprint III: "The Ten Rune Challenge").
             The game lasted 00:02:16 (335 turns).

potatolord6000 the Skirmisher (Gargoyle Fighter)     Turns: 335, Time: 00:02:16

Health: -1/32      AC: 13    Str: 26    XL:     4   Next: 98%
Magic:  8/9        EV:  8    Int:  8    God:
Gold:   25         SH: 10    Dex:  7    Spells: 10/10 levels left

rFire    . . .     SeeInvis .   a - +0 flail
rCold    . . .     Gourm    .   c - +0 shield
rNeg     + . .     Faith    .   b - +0 scale mail
rPois    ∞         Spirit   .   (no helmet)
rElec    +         Reflect  .   l - +1 cloak
rCorr    .         Harm     .   (no gloves)
MR       .....     NoTele   +   (no boots)
Stlth    ..........             (no amulet)
Regen    0.1/turn               (no ring)
MPRegen  0.2/turn               (no ring)

@: mighty, flying, hasted, very quick
A: big wings, clumsy 1, negative energy resistance 1, electricity resistance,
unbreathing, petrification resistance, rot immunity, AC +3
a: Stop Flying


You were in the Dungeon.
You were not hungry.

You visited 1 branch You collected 25 gold pieces.

Inventory:

Hand Weapons
 a - a +0 flail (weapon)
Armour
 b - a +0 scale mail (worn)
 c - a +0 shield (worn)
 l - a +1 cloak (worn)
Scrolls
 k - a scroll of blinking
 m - 3 scrolls of immolation {unknown}
 n - 4 scrolls of identify
 o - 4 scrolls of remove curse
Potions
 i - 2 potions of magic
 j - a potion of berserk rage
 q - a potion of flight
Comestibles
 f - a bread ration
 p - 2 royal jellies


   Skills:
 + Level 5.7 Fighting
 + Level 4.5 Maces & Flails
 + Level 5.6 Armour
 + Level 5.4 Shields
 + Level 3.5 Spellcasting


You had 10 spell levels left.
You didn't know any spells.

Dungeon Overview and Level Annotations

Branches:
Dungeon (1/1)

Altars:
Elyvilon
Zin
The Shining One


Innate Abilities, Weirdness & Mutations

You are resistant to torment.
Your stone body is resilient. (AC +3)
You are immune to poison.
You resist negative energy. (rN+)
You are resistant to electric shocks. (rElec)
You can survive without breathing.
You are immune to petrification.
You are immune to rotting.
Your large and strong wings let you fly indefinitely.
You are clumsy. (Dex -2)


Message History

The deep elf mage completely misses you.
You reach down and close the door.
You barely miss the deep elf mage.
The deep elf mage hits you but does no damage.
Unknown command.
Your shield and scale mail prevent you from hitting the deep elf mage.
Unknown command.
You hit the deep elf mage.
The deep elf mage is lightly wounded.
The deep elf mage mumbles some strange words.
The deep elf mage blinks!
Unknown command.
You bludgeon the deep elf mage!!
The deep elf mage is severely wounded.
You block the deep elf mage's attack.
Unknown command.
You barely miss the deep elf mage.
The deep elf mage is severely wounded.
The deep elf mage hits you with a long sword of holy wrath.
You die...

▓▓▓▓▓▓▓▓ ▓▓▓ ..'!...♣♣♣
♣.##### ..#......♣
♣.#___# ###......♣
♣.#§@e# ..#....≈♣♣
♣.###+#+###+#
..#)..≈≈♣♣♣♣♣.#..........
..#..≈≈≈≈♣♣.♣.'.⌠........
#'#..≈≈≈≈≈≈.♣.#...######+
..#.≈≈≈≈≈≈....#.⌠.#
..#.≈≈≈≈≈.....#...#
..#.≈≈≈.......#+###
###...........#


You could see a deep elf mage.

Vanquished Creatures
  A water elemental (D)
  Crazy Yiuf (D)
  A human (D)
  An ooze (D)
  3 rats (D)
7 creatures vanquished.

Vanquished Creatures (others)
  2 draconian scorchers (D)
  5 hellions (D)
  A yaktaur (D)
8 creatures vanquished.

Grand Total: 15 creatures vanquished

Notes
Turn   | Place    | Note
-------+----------+-------------------------------------------
     0 | D        | potatolord6000 the Gargoyle Fighter began the quest for the Orb.
     0 | D        | Reached XP level 1. HP: 14/14 MP: 1/1
     7 | D        | Reached skill level 1 in Spellcasting
    33 | D        | Reached XP level 2. HP: 18/20 MP: 4/4
    73 | D        | Killed a yaktaur
    78 | D        | Reached XP level 3. HP: 20/24 MP: 4/6
    80 | D        | Killed a hellion
    85 | D        | Noticed Crazy Yiuf
    97 | D        | Killed Crazy Yiuf
   153 | D        | Killed a white draconian scorcher
   154 | D        | Killed a white draconian scorcher
   171 | D        | Killed a hellion
   172 | D        | Killed a hellion
   172 | D        | Killed a hellion
   172 | D        | Killed a hellion
   264 | D        | Gained mutation: You passively map a small area around you. [potion of mutation]
   264 | D        | Gained mutation: You have a beak for a mouth. [potion of mutation]
   265 | D        | Lost mutation: You passively map a small area around you. [potion of mutation]
   265 | D        | Lost mutation: You have a beak for a mouth. [potion of mutation]
   265 | D        | Gained mutation: Your mind is acute. (Int +2) [potion of mutation]
   265 | D        | Gained mutation: You are resistant to hostile enchantments. (MR+) [potion of mutation]
   265 | D        | Gained mutation: Scrolls take you a little longer to read. [potion of mutation]
   265 | D        | Gained mutation: You are agile. (Dex +2) [potion of mutation]
   266 | D        | Lost mutation: Scrolls take you a little longer to read. [potion of mutation]
   266 | D        | Lost mutation: You are agile. (Dex +2) [potion of mutation]
   266 | D        | Gained mutation: Your magical capacity is low. (-10% MP) [potion of mutation]
   266 | D        | Gained mutation: Your movements are slightly less encumbered by armour. (ER -2) [potion of mutation]
   267 | D        | Lost mutation: Your mind is acute. (Int +2) [potion of mutation]
   267 | D        | Lost mutation: You are resistant to hostile enchantments. (MR+) [potion of mutation]
   267 | D        | Lost mutation: Your magical capacity is low. (-10% MP) [potion of mutation]
   267 | D        | Lost mutation: Your movements are slightly less encumbered by armour. (ER -2) [potion of mutation]
   267 | D        | Gained mutation: You are clumsy. (Dex -2) [potion of mutation]
   267 | D        | Gained mutation: Your large and strong wings let you fly indefinitely. [potion of mutation]
   309 | D        | Noticed a water elemental
   319 | D        | Killed a water elemental
   319 | D        | Reached skill level 5 in Fighting
   319 | D        | Reached skill level 5 in Armour
   319 | D        | Reached skill level 5 in Shields
   319 | D        | Reached XP level 4. HP: 3/32 MP: 7/9
   325 | D        | Found a glowing silver altar of Zin.
   325 | D        | Found a glowing golden altar of the Shining One.
   325 | D        | Found a white marble altar of Elyvilon.
   328 | D        | Noticed a deep elf mage
   335 | D        | Slain by a deep elf mage

Skill      XL: |  1  2  3 |
---------------+----------+-----
Spellcasting   | 1 2 3 |  3.5
Fighting       | 4 5 |  5.7
Maces & Flails | 3 4 |  4.5
Armour         | 4 5 |  5.6
Shields        | 4 5 |  5.4

Action                   |  1- 3 |  4- 6 || total
-------------------------+-------+-------++-------
Melee: Flail             |    56 |     5 ||    61
 Abil: Fly               |     1 |       ||     1
  Use: Potion            |     8 |     1 ||     9
Armor: Scale mail        |    17 |     1 ||    18
Dodge: Dodged            |    15 |     1 ||    16
Block: Shield            |    30 |     1 ||    31
